 Dungeon Crawl Stone Soup version 0.20.2-3-g29329e0561 (webtiles) character file.

135 Alfie the Skirmisher (level 5, 0/46 HPs)
             Began as a Hill Orc Fighter on Oct 26, 2023.
             Killed from afar by an orc wizard (6 damage)
             ... with a magic dart
             ... on level 3 of the Dungeon.
             The game lasted 00:03:43 (1189 turns).

Alfie the Skirmisher (Hill Orc Fighter)             Turns: 1189, Time: 00:03:44

Health: 0/46       AC:  7    Str: 20    XL:     5   Next: 18%
Magic:  5/5        EV:  7    Int:  8    God:
Gold:   122        SH:  9    Dex: 10    Spells: 4/4 levels left

rFire    . . .     SeeInvis .   a - +0 rapier
rCold    . . .     Gourm    .   c - +0 shield
rNeg     . . .     Faith    .   b - +0 scale mail
rPois    .         Spirit   .   (no helmet)
rElec    .         Reflect  .   (no cloak)
rCorr    .         Harm     .   (no gloves)
MR       .....                  (no boots)
Stlth    ..........             (no amulet)
Regen    0.2/turn               (no ring)
MPRegen  0.1/turn               (no ring)

@: no status effects
A: hooves 1, MP-powered wands
a: no special abilities


You were on level 3 of the Dungeon.
You were not hungry.

You visited 1 branch of the dungeon, and saw 3 of its levels.

You collected 122 gold pieces.

Inventory:

Hand Weapons
 a - a +0 rapier (weapon)
Missiles
 n - 6 exploding tomahawks (quivered)
Armour
 b - a +0 scale mail (worn)
 c - a +0 shield (worn)
Jewellery
 e - an uncursed ring of wizardry {unknown}
 m - an uncursed ring of protection from cold {unknown}
Scrolls
 i - a scroll of teleportation {unknown}
 o - a scroll of magic mapping {unknown}
 p - a scroll of identify {unknown}
Potions
 d - a potion of might
 h - a potion of haste {unknown}
 j - a potion of mutation
 k - a potion of cancellation {unknown}
Comestibles
 f - 2 bread rations
 g - a meat ration
 l - a royal jelly


   Skills:
 + Level 4.2 Fighting
 + Level 3.2 Short Blades
 + Level 4.1 Armour
 + Level 0.7 Dodging
 + Level 4.1 Shields


You had 4 spell levels left.
You didn't know any spells.

Dungeon Overview and Level Annotations

Branches:
Dungeon (3/15)

Altars:
Makhleb
Qazlal


Innate Abilities, Weirdness & Mutations

You have large cloven feet.
You expend magic power (3 MP) to strengthen your wands.


Message History

You kill the goblin!
Things that are here:
a club; a goblin corpse
p - a scroll labeled AJOGYF NAL An orc and an orc wizard come into view.
The orc shouts!
The orc wizard shouts!
An orc wizard comes into view. It is wielding a dagger.
The orc wizard mumbles some strange words.
The orc wizard blinks!
The orc wizard casts a spell at you. The magic dart hits you!
* * * LOW HITPOINT WARNING * * *
The orc wizard mumbles some strange words.
The orc wizard flickers and vanishes!
Deactivating autopickup; reactivate with Ctrl-A.
The orc wizard gestures wildly while chanting.
The orc wizard blinks!
The orc wizard casts a spell at you. The magic dart hits you!
You die...

#..................#
#..................###
#.....>............'..
#..................#.#
######'#############.#
#.##### #..
#..).(###########
#########+###.<(.........
#...[...@..##.###########
#...)......##..
#..........#####
#....o.o...# #..........#
#..........+ #..........#
#..........#
#ยง.........#


You could see an orc wizard and an orc.

Vanquished Creatures
  A bullfrog (D:3)
  2 adders (D:2)
  3 worms
  A dart slug (D:2)
  A leopard gecko (D:2)
  A ball python (D:2)
  3 bats
  A giant cockroach (D:2)
  9 goblins
  4 hobgoblins
  3 quokkas
  3 frilled lizards
  4 kobolds
  3 rats
39 creatures vanquished.

Notes
Turn   | Place    | Note
-------+----------+-------------------------------------------
     0 | D:1      | Alfie the Hill Orc Fighter began the quest for the Orb.
     0 | D:1      | Reached XP level 1. HP: 19/19 MP: 1/1
   110 | D:1      | Reached XP level 2. HP: 27/27 MP: 2/2
   516 | D:2      | Reached XP level 3. HP: 24/33 MP: 3/3
   697 | D:2      | Found a stormy altar of Qazlal.
  1022 | D:3      | Reached XP level 4. HP: 18/40 MP: 4/4
  1049 | D:3      | Found a burning altar of Makhleb.
  1051 | D:3      | Noticed a bullfrog
  1062 | D:3      | Gained mutation: You expend magic power (3 MP) to strengthen your wands. [potion of mutation]
  1062 | D:3      | Gained mutation: You have large cloven feet. [potion of mutation]
  1071 | D:3      | Killed a bullfrog
  1071 | D:3      | Reached XP level 5. HP: 7/46 MP: 5/5
  1189 | D:3      | Killed from afar by an orc wizard

Skill      XL: |  1  2  3  4 |
---------------+-------------+-----
Fighting       | 4 |  4.2
Short Blades   | 3 |  3.2
Armour         | 4 |  4.1
Shields        | 4 |  4.1
Dodging        | |  0.7

Action                   |  1- 3 |  4- 6 || total
-------------------------+-------+-------++-------
Melee: Rapier            |   102 |    41 ||   143
       Kick              |       |     9 ||     9
  Use: Potion            |     1 |     1 ||     2
       Scroll            |     1 |       ||     1
  Eat: Royal jelly       |       |     1 ||     1
Armor: Scale mail        |    41 |    13 ||    54
Dodge: Dodged            |    27 |    13 ||    40
Block: Shield            |    51 |    21 ||    72
